 Dungeon Crawl Stone Soup version 0.21.1-1-g345015f (webtiles) character file.

320 lyrx the Conjurer (level 6, -5/41 HPs)
             Began as a Demonspawn Conjurer on Apr 12, 2018.
             Was an Initiate of Vehumet.
             Killed by nerve-wracking pain
             ... invoked by an orc priest
              (13 damage)
             ... on level 4 of the Dungeon.
             The game lasted 00:24:41 (3997 turns).

lyrx the Conjurer (Demonspawn Conjurer)             Turns: 3997, Time: 00:24:41

Health: -5/41      AC: 13    Str:  8    XL:     6   Next: 22%
Magic:  0/9        EV: 12    Int: 19    God:    Vehumet [......]
Gold:   179        SH:  0    Dex: 13    Spells: 2/9 levels left

rFire    . . .     SeeInvis .   B - +2 quarterstaff (chaos)
rCold    . . .     Gourm    .   (shield currently unavailable)
rNeg     . . .     Faith    .   d - +0 leather armour
rPois    .         Spirit   .   (helmet restricted)
rElec    .         Reflect  .   C - +0 cloak
rCorr    .         Harm     .   (no gloves)
MR       .....                  (no boots)
Stlth    ++........             (no amulet)
HPRegen  0.13/turn              (no ring)
MPRegen  0.11/turn              (no ring)

@: sanguine armour, very slightly contaminated
A: antennae 1, sanguine armour 2
a: Renounce Religion


You were on level 4 of the Dungeon.
You worshipped Vehumet.
Vehumet was noncommittal.
You were not hungry.

You visited 1 branch of the dungeon, and saw 4 of its levels.

You collected 179 gold pieces.

Inventory:

Hand Weapons
 r - a +0 spear
 w - a +0 hunting sling
 B - a +2 quarterstaff of chaos (weapon)
Missiles
 e - 109 stones (quivered)
 j - 38 sling bullets
 q - 12 poisoned needles
 v - 3 javelins
Armour
 a - a +0 robe
 d - a +0 leather armour (worn)
 C - a +0 cloak (worn)
Scrolls
 g - a scroll of enchant armour {unknown}
 i - 3 scrolls of teleportation {unknown}
 k - 2 scrolls of fog {unknown}
 n - 2 scrolls of enchant weapon {unknown}
 p - 3 scrolls of identify {unknown}
 s - a scroll of fear {unknown}
 x - a scroll of remove curse {unknown}
 y - a scroll of noise {unknown}
Potions
 f - a potion of ambrosia {unknown}
 h - a potion of brilliance {unknown}
 l - 2 potions of might {unknown}
 m - a potion of degeneration {unknown}
 o - 2 potions of curing {unknown}
 t - a potion of magic {unknown}
 u - a potion of agility {unknown}
 A - 2 potions of heal wounds {unknown}
Books
 b - a book of Conjurations

   Spells                             Type                      Level
   a - Magic Dart                     Conjuration                  1
   b - Searing Ray                    Conjuration                  2
   c - Dazzling Spray                 Conjuration/Hexes            3
   d - Fulminant Prism                Conjuration/Hexes            4
   e - Force Lance                    Conjuration/Translocation    4
   f - Iskenderun's Mystic Blast      Conjuration                  4
 z - a book of Minor Magic

   Spells                             Type                      Level
   a - Magic Dart                     Conjuration                  1
   b - Blink                          Translocation                2
   c - Call Imp                       Summoning                    2
   d - Slow                           Hexes                        2
   e - Conjure Flame                  Conjuration/Fire             3
   f - Mephitic Cloud                 Conjuration/Poison/Air       3
Comestibles
 c - 5 rations


   Skills:
 - Level 2.0 Dodging
 - Level 2.0 Stealth
 + Level 2.4 Spellcasting
 * Level 7.2 Conjurations


You had 2 spell levels left.
You knew the following spells:

 Your Spells              Type           Power        Failure   Level  Hunger
a - Magic Dart            Conj           ####         1%          1    #......
b - Searing Ray           Conj           ####..       1%          2    ##.....
c - Iskenderun's Mystic   Conj           ####....     12%         4    #####..


Dungeon Overview and Level Annotations

Branches:
Dungeon (4/15)
 Temple: D:4-7

Altars:
Dithmenos
Elyvilon
Hepliaklqana
Makhleb
Vehumet
Yredelemnul


Innate Abilities, Weirdness & Mutations

You have a pair of small antennae on your head.
When seriously injured, your bleeding wounds create thick armour. (AC +9)


Message History

Confirm with . or Enter, or press ? or * to list all spells.
Aiming: Iskenderun's Mystic Blast
Press: ? - help, Shift-Dir - straight line, f/p - orc priest
Aim: an orc priest, wielding a hand axe of venom and wearing a leather armour (severely wounded)
You miscast Iskenderun's Mystic Blast.
You are very lightly contaminated with residual magic.
You smell something strange.
The orc hits you but does no damage. The orc priest misses you.
Okay, then.
Casting: Iskenderun's Mystic Blast
Confirm with . or Enter, or press ? or * to list all spells.
Aiming: Magic Dart
Press: ? - help, Shift-Dir - straight line, f/p - orc priest
Aim: an orc priest, wielding a hand axe of venom and wearing a leather armour (severely wounded)
The magic dart hits the orc priest.
The orc priest is almost dead.
The orc closely misses you.
The orc priest calls down the wrath of Beogh upon you.
Pain shoots through your body!
You die...

...... ...... ......
...... ......
......########## ##
###+#.).o.....# ...
#.....#[o@....# ...o
#.....#.......#
.....{#.....#.......#
......#o....#.......#
....[lo.....#.......#
..l...#.....#.......#
..... #.....#....>..#
#### #####.#.......#
########'##


You could see an orc priest and an orc.

Vanquished Creatures
  A centaur (D:3)
  Crazy Yiuf (D:3)
  An orc wizard (D:4)
  Robin (D:2)
  6 adders
  A gnoll (D:1)
  A shadow imp (D:3)
  An ooze (D:1)
  A worm (D:3)
  2 orcs (D:4)
  3 giant cockroaches
  14 goblins
  11 hobgoblins
  9 jackals
  2 quokkas (D:2)
  7 bats
  4 frilled lizards
  7 kobolds
  23 rats
96 creatures vanquished.

Notes
Turn   | Place    | Note
-------+----------+-------------------------------------------
     0 | D:1      | lyrx the Demonspawn Conjurer began the quest for the Orb.
     0 | D:1      | Reached XP level 1. HP: 13/13 MP: 3/3
   243 | D:1      | Gained mutation: When seriously injured, your bleeding wounds create armour. (AC +9) [demonic ancestry]
   243 | D:1      | Reached XP level 2. HP: 17/19 MP: 3/5
   341 | D:1      | Learned a level 2 spell: Searing Ray
   643 | D:1      | Reached XP level 3. HP: 20/24 MP: 2/6
  1198 | D:2      | Reached skill level 5 in Conjurations
  1571 | D:2      | Reached XP level 4. HP: 13/30 MP: 1/7
  1769 | D:2      | Learned a level 4 spell: Iskenderun's Mystic Blast
  2269 | D:2      | Noticed Robin
  2410 | D:2      | Killed Robin
  2411 | D:2      | Reached skill level 6 in Conjurations
  2608 | D:2      | Found a burning altar of Makhleb.
  2655 | D:2      | Found a hazy altar of Hepliaklqana.
  2657 | D:2      | Found a basalt altar of Yredelemnul.
  2879 | D:3      | Found a shadowy altar of Dithmenos.
  2882 | D:3      | Found a white marble altar of Elyvilon.
  2888 | D:3      | Gained mutation: You have a pair of small antennae on your head. [demonic ancestry]
  2888 | D:3      | Reached XP level 5. HP: 35/35 MP: 6/8
  3070 | D:3      | Found a radiant altar of Vehumet.
  3147 | D:3      | Noticed a centaur
  3172 | D:3      | Killed a centaur
  3233 | D:3      | Became a worshipper of Vehumet
  3345 | D:3      | Reached skill level 7 in Conjurations
  3633 | D:3      | Found a runed door.
  3638 | D:3      | Noticed Crazy Yiuf
  3727 | D:3      | Killed Crazy Yiuf
  3727 | D:3      | Gained mutation: When seriously injured, your bleeding wounds create thick armour. (AC +9) [demonic ancestry]
  3727 | D:3      | Reached XP level 6. HP: 36/41 MP: 5/9
  3997 | D:4      | Killed from afar by an orc priest

Skill      XL: |  1  2  3  4  5 |
---------------+----------------+-----
Stealth        | 2 |  2.0
Dodging        | 2 |  2.0
Conjurations   | 5 6 7 |  7.2
Spellcasting   | |  2.4

Action                   |  1- 3 |  4- 6 || total
-------------------------+-------+-------++-------
Melee: Unarmed           |    10 |       ||    10
       Dagger            |    28 |       ||    28
       Spear             |       |    69 ||    69
       Quarterstaff      |       |     1 ||     1
 Fire: Hunting sling     |       |    22 ||    22
Throw: Stone             |     5 |       ||     5
 Cast: Magic Dart        |    47 |    57 ||   104
       Searing Ray       |     6 |    13 ||    19
       Iskenderun's Myst |       |     1 ||     1
  Eat: Chunk             |     1 |     6 ||     7
       Ration            |     1 |     1 ||     2
Armor: Leather armour    |    14 |    35 ||    49
Dodge: Dodged            |    56 |    81 ||   137
